 Dungeon Crawl Stone Soup version 0.23-a0-419-g0174fd8 (webtiles) character file.

7478 Tooki the Thaumaturge (level 10, -1/75 HPs)
             Began as a Deep Elf Wizard on Nov 12, 2018.
             Was an Elder of Sif Muna.
             Slain by a wraith (12 damage)
             ... led by Josephine
             ... on level 9 of the Dungeon on Nov 13, 2018.
             The game lasted 00:48:18 (16047 turns).

Tooki the Thaumaturge (Deep Elf Wizard)            Turns: 16047, Time: 00:48:19

Health: -1/75      AC:  8    Str:  9    XL:     10   Next: 94%
Magic:  27/27      EV: 13    Int: 31    God:    Sif Muna [****..]
Gold:   317        SH:  0    Dex: 18    Spells: 19/32 levels left

rFire    x . .     SeeInvis .   T - +2 demon blade (drain)
rCold    + + .     Gourm    .   (no shield)
rNeg     . . .     Faith    .   M - +1 robe {rC+}
rPois    .         Spirit   .   n - +0 helmet (curse)
rElec    .         Reflect  .   (no cloak)
rCorr    .         Harm     .   z - +1 pair of gloves
MR       +....                  g - +1 pair of boots
Stlth    ..........             (no amulet)
HPRegen  0.22/turn              E - +5 ring of dexterity
MPRegen  0.20/turn              O - ring of ice

@: berserking (expiring), heavily drained, divine energy, very quick
A: clever 2, MP-powered wands
a: Stop Divine Energy, Channel Magic, Forget Spell, Renounce Religion


You were on level 9 of the Dungeon.
You worshipped Sif Muna.
Sif Muna was greatly pleased with you.
You were not hungry.

You visited 2 branches of the dungeon, and saw 11 of its levels.

You collected 555 gold pieces.
You spent 238 gold pieces at shops.

Inventory:

Hand Weapons
 x - a +2 falchion of electrocution
 A - a +4 dire flail of crushing
 T - a +2 demon blade of draining (weapon)
Missiles
 Q - 8 steel javelins (quivered)
Armour
 a - a +0 robe
 b - a +0 hat
 g - a +1 pair of boots (worn)
 n - a cursed +0 helmet (worn)
 z - a +1 pair of gloves (worn)
 J - a +0 pair of gloves of archery
 M - a +1 robe of cold resistance (worn)
Magical Staves
 P - an uncursed staff of conjuration
Jewellery
 h - an uncursed ring of flight
 C - an uncursed ring of wizardry
 E - a +5 ring of dexterity (left hand)
 O - a ring of ice (right hand)
Wands
 r - a wand of digging (4)
 y - a wand of disintegration (6)
 B - a wand of enslavement (3)
 L - a wand of random effects (14)
 N - a wand of iceblast (2)
Scrolls
 c - 3 scrolls of blinking {unknown}
 e - 9 scrolls of teleportation
 l - 4 scrolls of immolation {unknown}
 m - 3 scrolls of enchant weapon {unknown}
 p - 3 scrolls of fear
 u - 2 scrolls of vulnerability
 v - 2 scrolls of enchant armour
 F - 6 scrolls of remove curse
 G - a scroll of holy word {unknown}
 K - a scroll of magic mapping {unknown}
Potions
 f - 2 potions of magic
 i - 5 potions of curing
 j - a potion of berserk rage
 k - 2 potions of might
 o - 2 potions of ambrosia
 q - 5 potions of agility {unknown}
 s - 2 potions of heal wounds
 t - a potion of flight
 w - a potion of brilliance
 D - a potion of mutation
 H - a potion of resistance
 I - a potion of invisibility {unknown}
Miscellaneous
 S - a phial of floods (inert)
Comestibles
 d - 13 rations


   Skills:
 - Level 5.0(2.8) Dodging
 - Level 2.8(0.7) Stealth
 - Level 11.6(8.9) Spellcasting
 - Level 11.0(8.4) Conjurations
 - Level 1.1(0.0) Summonings
 - Level 1.1(0.0) Translocations
 * Level 9.4(6.9) Fire Magic
 + Level 4.4(2.2) Invocations
 + Level 1.0(0.0) Evocations


You had 19 spell levels left.
You knew the following spells:

 Your Spells              Type           Power        Failure   Level  Hunger
a - Magic Dart            Conj           ####         1%          1    None
b - Blink                 Tloc           N/A          5%          2    None
c - Call Imp              Summ           ##......     5%          2    None
d - Slow                  Hex            ##......     5%          2    None
e - Conjure Flame         Conj/Fire      ######..     1%          3    None
f - Mephitic Cloud        Conj/Pois/Air  ####....     3%          3    None

Your spell library contained the following spells:

 Spells                   Type           Power        Failure   Level  Hunger


Dungeon Overview and Level Annotations

Branches:
Dungeon (10/15)            Temple (1/1) D:4             Orc (0/2) D:10
   Lair: D:8-11

Altars:
Nemelex Xobeh
Qazlal
Sif Muna
Trog
Vehumet
Xom
Yredelemnul
The Shining One

Shops:
D:6 ?   D:8 %

Annotations:
D:3 1 runed door, exclusion: door, derval's ghost, amateur OgSk
D:9 exclusion: downstairs, Josephine


Innate Abilities, Weirdness & Mutations

Your mind is very acute. (Int +4)
You expend magic power (3 MP) to strengthen your wands.


Message History

The wraith completely resists.
The ghostly fireball engulfs Josephine.
Josephine completely resists.
The wraith barely misses you.
You closely miss Josephine.
Josephine is moderately wounded.
Josephine hits you with a cursed -2 dagger.
Unknown command.
Unknown command.
You slash Josephine!
Josephine is heavily wounded.
The wraith hits you.
Josephine points at you and mumbles some strange words.
The ghostly flame explodes!
The ghostly fireball engulfs you!
You feel drained.
* * * LOW HITPOINT WARNING * * *
The ghostly fireball engulfs the wraith.
The wraith completely resists.
The ghostly fireball engulfs Josephine.
Josephine completely resists.
You hit Josephine.
Josephine is heavily wounded.
The wraith hits you!
You die...

#######
##############.....#
#######
##......@...........#
..(...#
#..####.@...........#
#####.###.##
##W..########### .#
##(##..# ##....# (#
#.....####..#.##
(###..........##.#
.#....##########.#
............####.#
.##..#......#....##
.##..#......#.##..##


You could see Josephine and a wraith.

Vanquished Creatures
  Pikel (D:8)
  A centaur skeleton (D:10)
  A troll (D:9)
  Sigmund (D:5)
  Eustachio (D:5)
  4 yaks (D:10)
  A steam dragon (D:9)
  4 hogs (D:7)
  A human (D:7)
  Edmund (D:5)
  A water moccasin (D:9)
  3 sky beasts
  2 slaves (D:8)
  3 orc warriors (D:10)
  An eye of draining (D:9)
  5 ice beasts
  A necrophage (D:7)
  A phantom (D:5)
  4 ogres
  6 centaurs
  4 bullfrogs
  A wyvern skeleton (D:7)
  7 killer bees
  An electric eel (D:10)
  A howler monkey (D:9)
  7 crimson imps
  A quasit (D:7)
  A bullfrog zombie (D:6)
  2 centaur zombies
  5 hounds
  2 bullfrog skeletons
  2 orc priests (D:9)
  Jessica (D:3)
  An iguana (D:8)
  Ijyb (D:5)
  5 orc wizards
  6 worker ants
  A killer bee zombie (D:8)
  A centaur simulacrum (D:10)
  4 hound zombies
  A gnoll (D:1)
  A worker ant zombie (D:5)
  6 adders
  3 shadow imps
  2 white imps
  An ufetubus (D:10)
  An adder zombie (D:8)
  An ooze (D:6)
  2 adder skeletons
  A dart slug (D:1)
  6 leopard geckos
  20 orcs
  3 ball pythons
  8 bats
  4 giant cockroaches
  12 goblins
  5 hobgoblins
  2 quokkas
  6 frilled lizards
  A giant cockroach zombie (D:6)
  12 kobolds
  A leopard gecko skeleton (D:8)
  2 quokka skeletons
  2 rats
200 creatures vanquished.

Vanquished Creatures (collateral kills)
  Psyche (D:8)
  A yak (D:10)
  Duvessa (D:4)
  A black bear (D:10)
  A sky beast (D:10)
  A necrophage (D:8)
  An ogre (D:9)
  A big kobold (D:8)
  Dowan (D:4)
  3 killer bees
  2 crimson imps
  2 orc priests (D:3)
  Natasha (thrice) (D:4)
  2 iguanas (D:5)
  A worker ant (D:4)
  Robin (D:2)
  4 adders (D:2)
  A worm (D:2)
  A leopard gecko (D:9)
  2 orcs
  2 goblins (D:2)
  A hobgoblin (D:2)
  A quokka (D:2)
35 creatures vanquished.

Vanquished Creatures (others)
  A jelly (D:8)
  An adder (D:8)
  An adder skeleton (D:8)
3 creatures vanquished.

Grand Total: 238 creatures vanquished

Notes
Turn   | Place    | Note
-------+----------+-------------------------------------------
     0 | D:1      | Tooki the Deep Elf Wizard began the quest for the Orb.
     0 | D:1      | Reached XP level 1. HP: 10/10 MP: 7/7
   136 | D:1      | Reached skill level 5 in Spellcasting
   200 | D:1      | Reached XP level 2. HP: 15/15 MP: 5/10
   435 | D:1      | Reached XP level 3. HP: 2/19 MP: 2/12
  1104 | D:1      | Learned a level 2 spell: Blink
  1107 | D:1      | Learned a level 2 spell: Call Imp
  1110 | D:1      | Learned a level 2 spell: Slow
  1114 | D:1      | Learned a level 3 spell: Conjure Flame
  1118 | D:1      | Learned a level 3 spell: Mephitic Cloud
  1729 | D:2      | Reached XP level 4. HP: 24/24 MP: 7/14
  1831 | D:2      | Noticed Robin
  1845 | D:2      | Killed Robin
  2428 | D:2      | Gained mutation: You expend magic power (3 MP) to
                  | strengthen your wands. [potion of mutation]
  2428 | D:2      | Gained mutation: Your mind is acute. (Int +2) [potion of
                  | mutation]
  2428 | D:2      | Gained mutation: Your mind is very acute. (Int +4) [potion
                  | of mutation]
  3303 | D:4      | Reached XP level 5. HP: 28/28 MP: 7/17
  3475 | D:4      | Noticed Duvessa
  3475 | D:4      | Noticed Dowan
  3504 | D:4      | Killed Duvessa
  3517 | D:4      | Killed Dowan
  3659 | D:4      | Found a staircase to the Ecumenical Temple.
  3662 | D:4      | Noticed Natasha
  3683 | D:4      | Killed Natasha
  3693 | Temple   | Entered the Ecumenical Temple
  3707 | Temple   | Became a worshipper of Sif Muna the Loreminder
  3913 | D:4      | Reached XP level 6. HP: 21/32 MP: 6/20
  3957 | D:4      | Noticed Natasha
  3967 | D:4      | Killed Natasha
  4251 | D:4      | Found a sparkling altar of Nemelex Xobeh.
  4278 | D:4      | Noticed Natasha
  4286 | D:4      | Killed Natasha
  4734 | D:3      | Noticed Jessica
  4739 | D:3      | Killed Jessica
  5256 | D:3      | Found a runed door.
  5256 | D:3      | Noticed derval's ghost (amateur OgSk)
  5300 | D:3      | Found a runed door.
  5360 | D:5      | Entered Level 5 of the Dungeon
  5384 | D:5      | Reached skill level 10 in Spellcasting
  5490 | D:5      | Noticed Ijyb
  5508 | D:5      | Killed Ijyb
  5685 | D:5      | Reached XP level 7. HP: 33/36 MP: 4/22
  7280 | D:5      | Reached * piety under Sif Muna
  7312 | D:5      | Noticed Sigmund
  7323 | D:5      | Killed Sigmund
  7323 | D:5      | Reached skill level 1 in Fire Magic
  7391 | D:5      | Noticed Eustachio
  7403 | D:5      | Killed Eustachio
  7403 | D:5      | Reached XP level 8. HP: 41/41 MP: 9/25
  7789 | D:5      | Noticed Edmund
  7797 | D:5      | Killed Edmund
  7797 | D:5      | Reached skill level 5 in Conjurations
  8294 | D:6      | Reached ** piety under Sif Muna
  8744 | D:6      | Found Saughut's Magic Scroll Emporium.
  8759 | D:6      | Bought a scroll of teleportation for 42 gold pieces
  8762 | D:6      | Bought a scroll of remove curse for 42 gold pieces
  8762 | D:6      | Bought a scroll of fear for 49 gold pieces
  8762 | D:6      | Bought a scroll of enchant armour for 105 gold pieces
  9304 | D:7      | Reached XP level 9. HP: 45/45 MP: 5/26
 10183 | D:7      | Reached *** piety under Sif Muna
 10183 | D:7      | Reached skill level 5 in Fire Magic
 10738 | D:8      | Found a radiant altar of Vehumet.
 10746 | D:8      | Reached skill level 10 in Conjurations
 11221 | D:8      | Found Norch's Food Boutique.
 11667 | D:8      | Found a shimmering altar of Xom.
 11745 | D:8      | Noticed Pikel
 11763 | D:8      | Killed Pikel
 11935 | D:8      | Reached XP level 10. HP: 48/49 MP: 17/27
 12339 | D:8      | Noticed Psyche
 12399 | D:8      | Killed Psyche
 13557 | D:9      | Reached **** piety under Sif Muna
 13598 | D:9      | Reached skill level 1 in Invocations
 13713 | D:9      | Reached skill level 5 in Dodging
 14268 | D:10     | Entered Level 10 of the Dungeon
 14335 | D:10     | Found a stormy altar of Qazlal.
 14557 | D:10     | Found a staircase to the Orcish Mines.
 14578 | D:10     | Noticed Josephine
 15864 | D:10     | Reached skill level 1 in Evocations
 16047 | D:9      | Slain by a wraith

Vault maps used:
D:1:      eino_arrival_druids_welcome, chequers_serial_rivers_micro_d,
          minmay_misc_feat_four_crosses
D:2:      minmay_tall_x, uniq_robin
D:3:      ebering_ghost_sewer_f, uniq_jessica
D:4:      minmay_temple_entry_glassed_door, nemelex_lonely_heart_becter,
          uniq_natasha, uniq_duvessa
D:5:      first_ration, uniq_sigmund, uniq_edmund, uniq_ijyb, uniq_eustachio
D:6:      serial_shops, shop
D:7:      grunt_livestock
D:8:      fiery_altar_vehumet, serial_shops, shop, brannock_xom_greatest_gift,
          uniq_pikel, uniq_psyche
D:10:     orc_david_3, serial_ice, serial_ice_n, serial_ice_o, serial_ice_i,
          serial_ice_a, fountainhead, nicolae_qazlal_general_emergency,
          uniq_josephine
Temple:   regret_index_temple_sigil_plot

Skill      XL: |  1  2  3  4  5  6  7  8  9 10 |
---------------+-------------------------------+-----
Spellcasting   | 5 6 7 9 10 11 | 11.6
Conjurations   | 4 7 10 11 | 11.0
Fire Magic     | 1 4 6 9 |  9.4
Dodging        | 3 5 |  5.0
Invocations    | 4 |  4.4
Evocations     | 1 |  1.0
Stealth        | |  2.8
Summonings     | |  1.1
Translocations | |  1.1

Action                   |  1- 3 |  4- 6 |  7- 9 | 10-12 || total
-------------------------+-------+-------+-------+-------++-------
Melee: Unarmed           |       |     1 |       |       ||     1
       Falchion          |       |       |    24 |       ||    24
       Dire flail        |       |       |   136 |    56 ||   192
       Demon blade       |       |       |       |    24 ||    24
       Staff             |       |       |       |     1 ||     1
 Cast: Magic Dart        |    79 |   121 |   206 |   133 ||   539
       Call Imp          |     9 |    47 |    13 |    31 ||   100
       Conjure Flame     |     1 |       |    49 |    24 ||    74
       Mephitic Cloud    |       |     5 |    18 |    35 ||    58
       Blink             |       |       |    10 |     6 ||    16
       Slow              |       |       |       |     1 ||     1
Invok: Divine Energy     |       |       |     1 |       ||     1
       Channel Magic     |       |       |       |     1 ||     1
Evoke: Wand              |       |       |       |     8 ||     8
       Phial of floods   |       |       |       |     1 ||     1
  Use: Scroll            |       |     6 |     4 |     1 ||    11
       Potion            |       |     1 |       |     2 ||     3
 Stab: Sleeping          |       |       |     3 |     1 ||     4
       Confused          |       |       |     2 |     1 ||     3
       Distracted        |       |       |     3 |     2 ||     5
  Eat: Chunk             |     2 |     7 |     9 |     8 ||    26
       Ration            |       |     1 |     3 |     2 ||     6
Armor: Robe              |     4 |     5 |    60 |    43 ||   112
Dodge: Dodged            |    14 |    22 |   153 |    95 ||   284
       Rpst.: Falchion   |       |       |     7 |       ||     7
       Demon blade       |       |       |       |     5 ||     5

Table legend:
 A = Non-vault XP
 B = Vault XP
 C = Vault XP percentage of total XP
 D = Non-vault monster count
 E = Vault monster count
 F = Vault count percentage of total count
                 A         B        C        D         E       F
            +---------+---------+-------+---------+---------+-------
      Total |    7839 |    2844 |  26.6 |     196 |      37 |  15.9
            +---------+---------+-------+---------+---------+-------
        D:1 |      58 |       0 |   0.0 |      26 |       0 |   0.0
        D:2 |      63 |      24 |  27.6 |      18 |      11 |  37.9
        D:3 |     100 |      37 |  27.0 |       7 |       1 |  12.5
        D:4 |     153 |     138 |  47.4 |      16 |       3 |  15.8
        D:5 |     712 |     607 |  46.0 |      18 |       4 |  18.2
        D:6 |     839 |       0 |   0.0 |      14 |       0 |   0.0
        D:7 |     832 |     966 |  53.7 |      12 |       5 |  29.4
        D:8 |    1031 |     743 |  41.9 |      30 |       2 |   6.2
        D:9 |    1147 |      11 |   0.9 |      19 |       1 |   5.0
       D:10 |    2904 |     318 |   9.9 |      36 |      10 |  21.7
            +---------+---------+-------+---------+---------+-------
